 Dungeon Crawl Stone Soup version 0.31-a0-435-g2c6fae2916 (webtiles) character file.

Game seed: 6733148913236269867

38 innerfire43 the Trooper (level 3, -3/29 HPs)
             Began as a Demonspawn Monk on Aug 1, 2023.
             Slain by a gnoll
             ... wielding a +0 spear
              (5 damage)
             ... on level 2 of the Dungeon.
             The game lasted 00:00:54 (691 turns).

innerfire43 the Trooper (Demonspawn Monk)            Turns: 691, Time: 00:00:54

Health: -3/29      AC:  2    Str: 13    XL:     3   Next: 25%
Magic:  3/3        EV: 13    Int: 11    God:
Gold:   53         SH:  0    Dex: 15    Spells: 2/2 levels left

rFire   . . .        a - +0 hand axe
rCold   . . .        d - orb {light}
rNeg    . . .        b - +0 robe
rPois   .            e - melded +0 helmet
rElec   .            (cloak currently unavailable)
rCorr   .            (gloves currently unavailable)
SInv    .            (boots currently unavailable)
Will    .....        (no amulet)
Stlth   +            (no ring)
HPRegen 0.24/turn    (no ring)
MPRegen 0.08/turn

%: no passive effects
@: confused, beast-form, ambrosia-drunk, glowing
A: beast (slay +0), spiny 1
a: Begin Untransformation


You were on level 2 of the Dungeon.
You were a hulking beast.
You visited 1 branch of the dungeon, and saw 2 of its levels.

You collected 53 gold pieces.

Inventory:

Hand Weapons
 a - a +0 hand axe (weapon)
Armour
 b - a +0 robe (worn)
 d - an orb of light (worn)
 e - a +0 helmet (melded)
Talismans
 j - a beast talisman (active)
Scrolls
 f - a scroll of acquirement {unknown}
 g - a scroll of immolation {unknown}
 i - a scroll of teleportation {unknown}
Potions
 h - a potion of berserk rage {unknown}
 k - a potion of might {unknown}


   Skills:
 - Level 3.5 Fighting
 + Level 3.1 Axes
 - Level 3.1 Dodging
 * Level 0.0 Shapeshifting


You had 2 spell levels left.
You didn't know any spells.
Your spell library was empty.

Dungeon Overview and Level Annotations

Branches:
Dungeon (2/15)

Altars:

Shops:
D:2 *


Innate Abilities, Weirdness & Mutations

You are a hulking beast.
Your limbs bulge with bestial killing power. (Slay +0)
You are partially covered in sharp spines.


Message History

You begin transforming.
You continue transforming. x3
You turn into a hulking beast.
Your +0 helmet melds into your body.
k - a bubbling dark potion A gnoll comes into view.
It is wielding a +0 halberd.
The gnoll shouts!
You hear a shout! x2
A gnoll comes into view. It is wielding a +0 whip.
You hear a shout! x3
There are monsters nearby! 4 gnolls come into view.
A gnoll is wielding a +0 spear.
The gnoll shouts! x5
The gnoll hits you from afar with a +0 spear.
The gnoll moves out of view.
There are monsters nearby! 2 gnolls come into view.
Found a manual of Invocations.
The gnoll shouts! x2
The gnoll closely misses you. x2
The gnoll hits you from afar with a +0 halberd!
There are monsters nearby!
You are too injured to fight recklessly!
There are monsters nearby!
You are too injured to fight recklessly!
There are monsters nearby!
You are too injured to fight recklessly!
Unknown command.
You are too injured to fight recklessly!
You are confused.
You feel invigorated. The gnoll closely misses you.
The gnoll is struck by your spines. The gnoll closely misses you.
The gnoll is struck by your spines. The gnoll completely misses you.
The gnoll barely misses you.
Unknown command.
You barely miss the gnoll.
The gnoll is lightly wounded.
You hit the gnoll.
The gnoll hits you from afar with a +0 halberd!
The gnoll barely misses you. The gnoll hits you with a +0 spear!
* * * LOW HITPOINT WARNING * * *
The gnoll hits you from afar with a +0 spear.
You die...

.# .. #.# ... ..
#######.#....# .#
#.....#.#....# ##.#
#.....#g#.... #..
#.....#g#.#..## #.#
#.....#.g.##..#
##.###. #...ggh.#
#..# #......
#...gg#.##
#..###.###..
#....g#..####..##.#
#:....#......#.#..#
#.....#......#...##
#######..._..#...#
#...........##..#
#^..........##..##
#........).......#.#


You could see 8 gnolls.

Vanquished Creatures
  A dart slug (D:1)
  7 bats
  4 endoplasms (D:1)
  A giant cockroach (D:1)
  5 hobgoblins (D:1)
  A kobold (D:2)
  3 quokkas
  2 ball pythons (D:1)
  2 frilled lizards (D:1)
  3 goblins (D:1)
  2 rats (D:1)
31 creatures vanquished.

Notes
Turn   | Place    | Note
-------+----------+-------------------------------------------
     0 | D:1      | innerfire43 the Demonspawn Monk began the quest for the
                  | Orb.
     0 | D:1      | Reached XP level 1. HP: 18/18 MP: 1/1
    89 | D:1      | Gained mutation: You are partially covered in sharp spines.
                  | [demonic ancestry]
    89 | D:1      | Reached XP level 2. HP: 7/24 MP: 2/2
   328 | D:1      | Reached XP level 3. HP: 25/29 MP: 3/3
   658 | D:2      | Found Disonili's Assorted Antiques.
   691 | D:2      | Slain by a gnoll

Illustrated notes

Levels and vault maps discovered:
D:1:      dpeg_arrival_prison, layout_rooms, chequers_arboretum
D:2:      layout_rooms, serial_shops, nicolae_shop_advertising_works
          [nicolae_subvault_shop_adworks], basic_altar

Skill      XL: |  1  2 |
---------------+-------+-----
Dodging        | 3 |  3.1
Axes           | 3 |  3.1
Fighting       | |  3.5

Action                     || total
---------------------------++-------
  Melee: Hand axe          ||    52
    Use: Potion            ||     1
 Armour: Robe              ||     3
  Dodge: Dodged            ||    44
   Form: Beast             ||     1

Table legend: (Time is in decaauts)
 A = Elapsed time spent in this place.
 B = Non-inter-level travel time spent in this place.
 C = Inter-level travel time spent in this place.
 D = Time resting spent in this place.
 E = Time spent auto-exploring this place.
 F = Levels seen in this place.
 G = Mean time per level.
                   A        B        C        D        E       F      G
               +--------+--------+--------+--------+--------+-----+--------+
         Total |    698 |    665 |     33 |      0 |    515 |   2 |  349.0 |
       Dungeon |    698 |    665 |     33 |      0 |    515 |   2 |  349.0 |
               +--------+--------+--------+--------+--------+-----+--------+

Top non-repeatable levels by time:
     D:1: 604 daAuts
     D:2: 93 daAuts
